 Dungeon Crawl Stone Soup version 0.31-a0-431-g88bdf31460 (webtiles) character file.

Game seed: 6220617464353418961

5978 drugrobin the Cleaver (level 10, -5/75 HPs)
             Began as a Demigod Delver on July 31, 2023.
             Slain by a vault guard
             ... wielding a +0 broad axe
              (13 damage)
             ... in a bailey.
             The game lasted 00:25:10 (11060 turns).

drugrobin the Cleaver (Demigod Delver)             Turns: 11060, Time: 00:25:11

Health: -5/75      AC: 11    Str: 25    XL:     10   Next: 30%
Magic:  13/13      EV:  7    Int: 12    God:
Gold:   1095       SH:  5    Dex: 15    Spells: 9/9 levels left

rFire   + . .        a - +3 war axe (freeze)
rCold   . . .        (no shield)
rNeg    . . .        N - +0 plate armour
rPois   .            (no helmet)
rElec   .            I - +0 cloak
rCorr   .            (no gloves)
SInv    .            (no boots)
Will    ++...        h - amulet of reflection Stlth
                     y - ring of protection from fire
HPRegen 0.32/turn    B - ring of willpower
MPRegen 0.13/turn

%: reflection
@: no status effects
A: high MP 1, forlorn, divine attributes
a: no special abilities


You were in a bailey.
You visited 1 branch of the dungeon, and saw 9 of its levels.
You also visited: Ossuary and Bailey.

You collected 1095 gold pieces.

Inventory:

Hand Weapons
 a - a +3 war axe of freezing (weapon)
 b - a +0 shortbow
 c - a +0 war axe of electrocution
 d - a +0 battleaxe
 e - a +0 trident
 v - a +2 dagger of venom
 V - a +5 heavy hand axe
 W - a +0 broad axe
Missiles
 D - a throwing net
 R - 16 poisoned darts
 U - 10 boomerangs (quivered)
Armour
 i - a +0 leather armour
 I - a +0 cloak (worn)
 N - a +0 plate armour (worn)
Jewellery
 h - an amulet of reflection (around neck)
 y - a ring of protection from fire (left hand)
 B - a ring of willpower (right hand)
 E - a ring of fire
 J - a +6 ring of intelligence
Wands
 g - a wand of digging (3)
 r - a wand of light (5)
 S - a wand of roots (8)
Scrolls
 l - a scroll of vulnerability
 o - 4 scrolls of teleportation {unknown}
 p - 3 scrolls of revelation
 q - 2 scrolls of brand weapon {unknown}
 s - a scroll of torment {unknown}
 t - a scroll of poison {unknown}
 u - 4 scrolls of immolation
 w - 2 scrolls of silence {unknown}
 x - a scroll of enchant weapon {unknown}
 A - 2 scrolls of enchant armour {unknown}
 C - 2 scrolls of amnesia {unknown}
 G - 4 scrolls of fear
 H - 3 scrolls of fog
 P - 3 scrolls of blinking
Potions
 f - 6 potions of haste
 j - 2 potions of lignification {unknown}
 k - 6 potions of curing
 n - 4 potions of heal wounds
 z - 2 potions of invisibility {unknown}
 F - a potion of ambrosia {unknown}
 K - a potion of enlightenment {unknown}
 M - 2 potions of attraction
 O - 2 potions of magic {unknown}
 T - a potion of mutation {unknown}


   Skills:
 - Level 2.8 Fighting
 + Level 14.4 Axes
 - Level 2.0 Dodging
 - Level 4.6 Stealth


You had 9 spell levels left.
You didn't know any spells.
Your spell library contained the following spells:

 Spells                   Type           Power      Damage    Failure   Level
 Magic Dart               Conj           0%         1d3       100%        1
 Searing Ray              Conj           0%         2d4       100%        2
 Vhi's Electric Charge    Tloc/Air       0%         N/A       100%        3
 Animate Dead             Necr           0%         N/A       100%        4
 Fulminant Prism          Conj/Hex       0%         3d5       100%        4
 Arcjolt                  Conj/Air       0%         1d10      100%        5
 Borgnjor's Vile Clutch   Necr/Erth      0%         N/A       100%        5
 Conjure Ball Lightning   Conj/Air       0%         3x3d6     100%        6
 Death Channel            Necr           0%         N/A       100%        6
 Plasma Beam              Fire/Air       0%         2x1d10    100%        6
 Discord                  Hex            0%         N/A       100%        8
 Disjunction              Tloc           0%         N/A       100%        8


Dungeon Overview and Level Annotations

Branches:
Dungeon (9/15)             Temple (0/1) D:6         Ossuary (visited)
 Bailey (1/1)
   Lair: D:8-11         Orc: D:9-12

Shops:
D:1 =   D:2 :   D:7 :


Innate Abilities, Weirdness & Mutations

You have an increased reservoir of magic. (+10% MP)
You shall have no god before yourself.
Your divine heritage dramatically boosts your attributes as you level up.


Message History

The vault guard is almost dead.
The vault guard hits you with a +0 broad axe!!
* * * LOW HITPOINT WARNING * * *
Unknown command.
Unknown command.
Okay, then.
You feel much better.
The vault guard hits you with a +0 broad axe!
Unknown command.
Okay, then.
Aiming: Throw Flame
Press: ? - help, Shift-Dir - straight line, f/p - vault guard
Aim: a vault guard, wielding a +0 broad axe and wearing a +0 chain mail (almost dead, 64% to hit)
The puff of flame hits the vault guard.
The vault guard is almost dead.
The vault guard is engulfed in a cloud of scalding steam.
The vault guard hits you with a +0 broad axe!
* * * LOW HITPOINT WARNING * * *
Unknown command.
Unknown command.
Unknown command.
Aiming: Throw Flame
Press: ? - help, Shift-Dir - straight line, f/p - vault guard
Aim: a vault guard, wielding a +0 broad axe and wearing a +0 chain mail (steam, almost dead, 64% to hit)
The puff of flame hits the vault guard but does no damage.
The vault guard is almost dead.
The vault guard is engulfed in a cloud of scalding steam.
The vault guard hits you with a +0 broad axe!
* * * LOW HITPOINT WARNING * * *
Unknown command.
Unknown command.
Aiming: Throw Flame
Press: ? - help, Shift-Dir - straight line, f/p - vault guard
Aim: a vault guard, wielding a +0 broad axe and wearing a +0 chain mail (almost dead, 64% to hit)
The puff of flame hits the vault guard.
The vault guard is almost dead.
The now-empty wand crumbles to dust.
The vault guard is engulfed in a cloud of scalding steam.
The vault guard hits you with a +0 broad axe!
You die...

#.∩.∩.# #.....######
####.)[##....##
##~(#'#'#...p..##
#~~~)~#[)..#....#
#~~~~~#...####..#
#~~~~~#...#..)..#
##~p~##...#.....#
###@####..###'###
#......'..#≈.p~≈#
#......####≈..~≈#
#.....##≈##≈.~≈####
##....#≈~≈≈~.~≈#=.~#
##..##≈~~~..~≈#!p.~
##.#≈~~~~..~≈##..~
###≈~~~~..~~≈# ..
#≈~~~....~≈## .


You could see a vault guard.

Vanquished Creatures
  A vault guard (Bailey)
  Prince Ribbit (Bailey)
  6 humans (Bailey)
  A steam dragon (D:8)
  A water moccasin (D:5)
  3 orc warriors
  2 sky beasts (D:6)
  A black bear (D:5)
  2 ogres (D:6)
  4 centaurs
  2 kobold brigands (D:8)
  6 scorpions (Ossuary)
  10 bullfrogs
  11 wights
  3 killer bees (D:8)
  A centaur zombie (Ossuary)
  5 jellies
  4 orc priests
  4 hounds
  3 human zombies (Ossuary)
  5 iguanas
  A sleepcap (D:5)
  An orc wizard (D:8)
  6 scorpion zombies (Ossuary)
  3 mummies (Ossuary)
  12 adders
  11 gnolls
  An ufetubus (D:4)
  4 worms
  5 dart slugs
  25 orcs
  7 ball pythons
  9 endoplasms
  2 giant cockroaches
  A gnoll zombie (Ossuary)
  9 goblins
  12 hobgoblins
  6 jackals
  15 kobolds
  2 quokkas
  5 bats
  4 goblin zombies (Ossuary)
  2 hobgoblin zombies (Ossuary)
  3 kobold zombies (Ossuary)
  2 orc zombies (Ossuary)
  6 rats
230 creatures vanquished.

Notes
Turn   | Place    | Note
-------+----------+-------------------------------------------
     0 | D:5      | drugrobin the Demigod Delver began the quest for the Orb.
     0 | D:5      | Reached XP level 1. HP: 18/18 MP: 3/3
    18 | D:5      | Found a sand-covered staircase.
   221 | D:3      | Reached skill level 2 in Axes
   221 | D:3      | Reached XP level 2. HP: 25/25 MP: 4/4
   352 | Ossuary  | Entered an ossuary
   396 | Ossuary  | Reached skill level 3 in Axes
   396 | Ossuary  | Reached XP level 3. HP: 26/30 MP: 5/5
   527 | Ossuary  | Reached skill level 4 in Axes
   527 | Ossuary  | Reached XP level 4. HP: 25/37 MP: 6/6
   618 | Ossuary  | Reached XP level 5. HP: 44/44 MP: 7/7
   651 | Ossuary  | Reached skill level 5 in Axes
   837 | Ossuary  | Reached XP level 6. HP: 46/50 MP: 8/8
   923 | Ossuary  | Reached skill level 6 in Axes
  1286 | Ossuary  | Reached skill level 7 in Axes
  1350 | Ossuary  | Reached XP level 7. HP: 47/56 MP: 9/9
  1857 | D:1      | Found Rajetank's One-of-a-Kind Rings.
  2972 | D:2      | Found Bykiake's Book Shop.
  4013 | D:4      | Reached skill level 8 in Axes
  4972 | D:5      | Reached skill level 9 in Axes
  5129 | D:5      | Reached XP level 8. HP: 39/62 MP: 10/10
  6372 | D:6      | Reached skill level 10 in Axes
  6864 | D:6      | Found a staircase to the Ecumenical Temple.
  7629 | D:6      | Identified a scroll of acquirement
  7630 | D:6      | Acquired 755 gold pieces
  7777 | D:7      | Reached skill level 11 in Axes
  8087 | D:7      | Noticed a +0 spear
  8087 | D:7      | Noticed a +0 short sword
  8087 | D:7      | Noticed a +0 dagger
  8087 | D:7      | Noticed a +0 spear
  8088 | D:7      | Noticed a +0 short sword
  8088 | D:7      | Noticed a +0 dagger
  8088 | D:7      | Noticed a +0 falchion
  8089 | D:7      | Noticed a +0 falchion
  8092 | D:7      | Found Nagamyi's Book Shop.
  8108 | D:7      | Reached XP level 9. HP: 55/68 MP: 11/11
  8995 | D:8      | Reached skill level 12 in Axes
  9987 | D:7      | Reached skill level 13 in Axes
 10443 | D:9      | Found a flagged portal.
 10468 | Bailey   | Entered a bailey
 10553 | Bailey   | Reached XP level 10. HP: 46/75 MP: 13/13
 10824 | Bailey   | Noticed Prince Ribbit
 10824 | Bailey   | Noticed a vault guard
 10857 | Bailey   | Killed Prince Ribbit
 10858 | Bailey   | Reached skill level 14 in Axes
 10877 | Bailey   | Killed a vault guard
 11005 | Bailey   | Noticed a vault guard
 11060 | Bailey   | Slain by a vault guard

Illustrated notes

Levels and vault maps discovered:
D:1:      dpeg_arrival_radiant, layout_loops_corners, minmay_curled_crystal,
          nicolae_shop_unique_rings, serial_bayou_crossing
D:2:      layout_basic, serial_shops, shop
D:3:      layout_loops_cross, lemuel_crystal_altar
D:4:      layout_basic, nicolae_ashenzari_panopticon, kennysheep_generic_room_12
D:5:      layout_basic, lemuel_coloured_pillars_altar,
          nicolae_ossuary_entry_monument, patterned_corridor
D:6:      layout_cave_pods, temple_doors_e, chequers_serial_rivers_small_b
D:7:      layout_cave_pods, lemuel_round_altar, nicolae_uskayaw_en_pointe,
          serial_shops, shop
D:8:      layout_loops_ring, chequers_garden, palyth_stone_intersect
D:9:      layout_stronghold, grunt_qazlal_sundering, kennysheep_mini_moat,
          dpeg_oklobed_lair, enter_bailey_4, minivault_19, uniq_maurice
Bailey:   bailey_axe_froggy_fort_hellmonk, bailey

Skill      XL: |  1  2  3  4  5  6  7  8  9 10 |
---------------+-------------------------------+-----
Axes           | 2 3 4 5 7 9 11 13 14 | 14.4
Dodging        | 2 |  2.0
Fighting       | |  2.8
Stealth        | |  4.6

Action                     |  1- 3 |  4- 6 |  7- 9 | 10-12 || total
---------------------------+-------+-------+-------+-------++-------
  Melee: Hand axe          |    55 |   127 |   231 |       ||   413
         Trident           |    33 |    55 |     1 |       ||    89
         Dagger            |       |     7 |     9 |       ||    16
         Punch             |       |     1 |     6 |     2 ||     9
         Battleaxe         |       |       |   113 |       ||   113
         War axe           |       |       |   237 |    52 ||   289
   Fire: Shortbow          |       |       |    50 |       ||    50
  Throw: Dart              |       |     4 |       |     1 ||     5
         Throwing net      |       |       |       |     3 ||     3
  Evoke: Wand              |     1 |     1 |       |     8 ||    10
    Use: Scroll            |     1 |       |     8 |     1 ||    10
         Potion            |       |       |     2 |     1 ||     3
   Stab: Sleeping          |     2 |     1 |     6 |       ||     9
         Invisible         |       |     2 |       |       ||     2
         Distracted        |       |     1 |       |       ||     1
         Held in net/web   |       |       |       |     3 ||     3
 Armour: Leather armour    |    11 |       |       |       ||    11
         Ring mail         |    15 |    31 |    17 |       ||    63
         Chain mail        |       |       |   172 |       ||   172
         Plate armour      |       |       |    72 |    13 ||    85
  Dodge: Dodged            |    76 |    70 |   249 |     6 ||   401
  Block: Other             |       |       |     6 |     6 ||    12

Table legend: (Time is in decaauts)
 A = Elapsed time spent in this place.
 B = Non-inter-level travel time spent in this place.
 C = Inter-level travel time spent in this place.
 D = Time resting spent in this place.
 E = Time spent auto-exploring this place.
 F = Levels seen in this place.
 G = Mean time per level.
                   A        B        C        D        E       F      G
               +--------+--------+--------+--------+--------+-----+--------+
         Total |  11081 |  10669 |    412 |   1221 |   6623 |  11 | 1007.4 |
       Dungeon |   9229 |   8817 |    412 |    935 |   5898 |   9 | 1025.4 |
       Ossuary |   1266 |   1266 |      0 |    172 |    468 |   1 | 1266.0 |
        Bailey |    585 |    585 |      0 |    114 |    257 |   1 |  585.0 |
               +--------+--------+--------+--------+--------+-----+--------+

Top non-repeatable levels by time:
     D:5: 1902 daAuts
     D:8: 1428 daAuts
     D:6: 1355 daAuts
 Ossuary: 1266 daAuts
     D:7: 1250 daAuts
     D:1: 978 daAuts
     D:2: 856 daAuts
     D:4: 794 daAuts
     D:3: 592 daAuts
  Bailey: 585 daAuts
     D:9: 70 daAuts
